Map: Turbo Cruise '84 LE

Players

Reynor - Winner!

  • Race: Zerg Zerg
  • Spawn Location: 3:00

uThermal

  • Race: Terran Terran
  • Spawn Location: 7:00

Event: 2019 WCS Summer

VOD

Have the link to the VOD?

Description

Time

  • Played on: July 12, 2019, 1:40 p.m.
  • Length: 23:41

All games in this series

Show
View Real Time Build Order
Export as new Build Order

Reynor Zerg - Winner!

Build Orders: Pool First 

Get SALT Encoding   

  12  0:00  Drone  
  13  0:12  Overlord  
  13  0:17  Drone  
  14  0:30  Drone x2  
  16  0:40  Drone  
  17  0:44  Extractor  
  17  0:45  Drone  
  17  0:51  Spawning Pool  
  17  0:55  Drone  
  17  1:06  Drone  
  18  1:20  Hatchery  
  18  1:25  Drone  
  18  1:37  Queen  
  18  1:38  Zergling x2  
  21  1:46  Metabolic Boost  
  21  1:51  Overlord  
  21  1:55  Zergling x2  
  22  2:10  Drone x2  
  22  2:14  Queen  
  26  2:21  Drone  
  27  2:32  Drone x2  
  29  2:42  Pneumatized Carapace  
  29  2:43  Zergling x4  
  31  2:46  Drone x3  
  34  2:53  Overlord  
  34  2:55  Drone  
  35  3:04  Drone  
  36  3:12  Hatchery  
  35  3:14  Drone  
  36  3:25  Drone x3  
  39  3:28  Drone x3  
  39  3:32  Queen  
  44  3:41  Overlord  
  44  3:47  Overlord  
  44  3:58  Overlord  
  44  4:00  Drone  
  44  4:01  Drone, Queen  
  48  4:03  Drone x4  
  48  4:07  Zergling x2, Queen  
  55  4:11  Zergling x2  
  56  4:17  Zergling x2  
  56  4:18  Baneling Nest  
  56  4:21  Overlord  
  56  4:23  Queen  
  58  4:24  Drone  
  58  4:30  Zergling x4  
  61  4:36  Drone x3  
  61  4:37  Drone  
  65  4:40  Overlord  
  65  4:42  Drone x3  
  68  4:45  Queen  
  68  4:49  Drone x2  
  72  4:54  Drone x2  
  72  4:58  Overlord  
  72  4:59  Spore Crawler  
  73  5:04  Queen  
  73  5:06  Zergling x4  
  77  5:08  Drone x2  
  77  5:11  Spore Crawler  
  77  5:14  Baneling x6  
  78  5:15  Overlord  
  78  5:16  Drone  
  78  5:17  Drone  
  78  5:20  Zergling x4  
  82  5:24  Queen  
  82  5:27  Queen  
  86  5:28  Drone x2  
  86  5:32  Baneling x3  
  86  5:33  Overlord  
  86  5:35  Drone  
  89  5:37  Spore Crawler  
  89  5:38  Drone x2  
  90  5:52  Zergling x16  
  91  5:58  Zergling x10  
  91  5:59  Zergling x2  
  91  6:00  Drone  
  91  6:01  Drone  
  96  6:05  Baneling x4  
  96  6:08  Zergling x2  
  96  6:11  Zergling x4  
  94  6:13  Queen  
  94  6:17  Zergling x2  
  87  6:21  Drone  
  87  6:23  Drone  
  89  6:29  Drone  
  89  6:30  Extractor  
  89  6:32  Drone, Extractor  
  89  6:33  Baneling, Zergling x2  
  89  6:36  Overlord x2  
  90  6:40  Overlord  
  90  6:41  Extractor  
  90  6:43  Drone  
  90  6:45  Lair  
  90  6:47  Overlord  
  90  6:52  Overlord  
  90  6:54  Overlord  
  90  6:55  Drone x3  
  90  6:56  Drone x4  
  90  6:58  Drone  
  90  7:01  Drone x4  
  102  7:06  Drone  
  103  7:10  Drone, Hatchery  
  103  7:11  Evolution Chamber  
  103  7:12  Evolution Chamber  
  103  7:13  Drone  
  102  7:16  Drone, Spore Crawler  
  102  7:19  Extractor  
  102  7:22  Zergling x2  
  102  7:24  Zergling x10  
  102  7:25  Zergling x2  
  102  7:27  Baneling x3  
  102  7:29  Zergling x10  
  113  7:34  Overlord  
  114  7:37  Zergling x2  
  114  7:42  Drone  
  115  7:45  Extractor  
  115  7:46  Queen, Overlord  
  115  7:47  Queen  
  115  7:49  Zerg Missile Weapons Level 1  
  115  7:50  Zerg Ground Armor Level 1  
  118  7:53  Roach Warren  
  118  7:54  Drone x2  
  119  8:02  Zergling x12  
  102  8:16  Drone  
  102  8:17  Infestation Pit, Drone x5  
  106  8:20  Drone x2  
  106  8:21  Drone x3  
  106  8:23  Centrifical Hooks  
  106  8:26  Overseer  
  111  8:29  Overlord  
  111  8:34  Spore Crawler  
  110  8:37  Roach x5  
  110  8:38  Roach  
  122  8:44  Glial Reconstitution  
  122  8:47  Roach x3  
  128  8:50  Burrow  
  128  8:53  Infestor x2  
  128  8:54  Infestor  
  134  8:57  Drone x2, Extractor  
  134  9:01  Overlord  
  135  9:09  Drone x3  
  138  9:10  Ravager x3  
  138  9:11  Zergling x18  
  138  9:14  Extractor  
  138  9:15  Baneling x5  
  149  9:18  Zergling x2  
  149  9:20  Zergling x4  
  149  9:23  Ravager  
  153  9:31  Zergling x12  
  159  9:36  Zergling x8  
  137  9:49  Queen x2  
  137  9:52  Zergling x18  
  141  10:02  Infestor x3  
  141  10:04  Ravager  
  141  10:05  Ravager x2, Roach x2  
  141  10:06  Drone, Roach x2  
  159  10:09  Overlord, Zerg Missile Weapons Level 2  
  159  10:12  Zerg Melee Weapons Level 1  
  159  10:15  Hatchery, Spore Crawler  
  159  10:19  Baneling  
  159  10:20  Baneling x6  
  157  10:26  Overlord  
  157  10:27  Zergling x18  
  162  10:30  Baneling x8  
  162  10:34  Roach x3  
  168  10:40  Baneling x6  
  168  10:47  Zergling x16  
  176  10:51  Neural Parasite, Overlord  
  176  10:54  Hive  
  176  10:59  Overlord x2  
  176  11:01  Overlord  
  176  11:07  Overlord  
  175  11:12  Ravager x5  
  175  11:15  Drone x3  
  175  11:16  Overlord  
  183  11:23  Zergling x2  
  183  11:24  Zergling x26  
  197  11:31  Drone x2  
  199  11:32  Extractor  
  199  11:34  Overlord  
  199  11:38  Zergling x2  
  199  11:47  Spore Crawler  
  199  11:49  Spore Crawler  
  199  11:54  Baneling x8  
  197  11:56  Spire  
  196  12:03  Zergling x6  
  199  12:10  Overseer  
  191  12:18  Zergling x38  
  191  12:21  Overseer  
  191  12:22  Zergling x4  
  190  12:28  Zergling x6  
  188  12:32  Zergling x2, Roach x3  
  188  12:34  Baneling x23  
  194  12:37  Zergling x2  
  194  12:40  Zergling x6  
  195  12:44  Zergling x8  
  195  12:47  Zergling x2  
  195  12:50  Zergling x2  
  187  12:57  Infestor x6  
  167  13:01  Zergling x20  
  167  13:05  Roach x3  
  152  13:09  Roach  
  151  13:12  Baneling  
  151  13:13  Baneling x11, Zergling x2  
  151  13:14  Zergling x6  
  151  13:18  Roach  
  157  13:22  Roach  
  157  13:24  Zergling x2  
  157  13:25  Roach x2  
  155  13:27  Zergling x2  
  155  13:30  Roach  
  155  13:31  Roach x2  
  158  13:37  Zergling x14  
  158  13:40  Ravager x3  
  158  13:41  Ravager x5  
  173  13:45  Greater Spire  
  173  13:46  Queen  
  173  13:47  Zergling x6  
  173  13:48  Zergling x2, Extractor x2  
  178  13:52  Infestor x6, Zergling x8  
  178  13:53  Zergling x2  
  182  13:57  Baneling x10  
  182  13:58  Zergling x8  
  182  13:59  Zergling x2  
  187  14:05  Zergling x2  
  187  14:06  Zergling x4  
  183  14:16  Zergling x2  
  183  14:17  Zergling x16  
  188  14:21  Overseer x4  
  188  14:23  Zergling x6  
  190  14:27  Zergling x4, Roach x2  
  186  14:32  Zergling x8  
  171  14:39  Zergling x4  
  171  14:42  Zergling x2  
  171  14:45  Zergling x4  
  161  14:47  Zergling x2  
  161  14:50  Zergling x2  
  156  14:54  Infestor x4  
  156  14:56  Zergling x2  
  156  14:58  Roach x2  
  165  15:01  Zergling x2  
  165  15:06  Zergling x4  
  157  15:09  Roach x2  
  157  15:11  Baneling x10  
  157  15:12  Zergling x2  
  162  15:18  Zergling x6  
  165  15:24  Baneling x12  
  165  15:26  Zergling x26  
  165  15:28  Zergling x4, Hatchery  
  175  15:35  Drone x2  
  173  15:36  Zerg Flyer Weapons Level 1  
  173  15:37  Corruptor x2  
  177  15:45  Corruptor x2  
  180  15:56  Adrenal Glands  
  180  15:57  Corruptor  
  180  15:59  Drone x2  
  184  16:07  Brood Lord  
  184  16:09  Brood Lord  
  187  16:12  Baneling  
  187  16:14  Baneling x4  
  187  16:15  Zergling x22  
  187  16:16  Zergling x4  
  198  16:38  Brood Lord x2  
  195  16:45  Spine Crawler, Corruptor x2  
  198  16:47  Spine Crawler  
  198  16:50  Baneling x6  
  196  16:59  Zergling x14  
  196  17:00  Zergling x14  
  197  17:04  Baneling x7  
  197  17:06  Corruptor  
  196  17:21  Corruptor x6  
  200  17:35  Zergling x18  
  200  17:36  Zergling x14  
  191  17:39  Zergling x4  
  184  17:44  Corruptor x2  
  188  17:56  Corruptor x3  
  183  18:10  Infestor x2  
  183  18:11  Infestor x3  
  185  18:30  Brood Lord x3  
  185  18:31  Drone x3  
  184  18:35  Zergling x6  
  184  18:36  Zergling x2  
  184  18:37  Zergling x2  
  184  18:41  Ravager x3  
  192  18:44  Zergling x14  
  192  18:47  Zerg Flyer Weapons Level 2  
  195  19:09  Infestor x2  
  192  19:10  Infestor  
  191  19:35  Overseer x2  
  191  19:39  Overlord  
  191  19:40  Overlord  
  191  19:41  Brood Lord  
  193  19:53  Hatchery  
  192  20:03  Corruptor x2  
  195  20:09  Zergling x2  
  197  20:17  Infestor x4  
  181  20:32  Roach x2  
  164  21:02  Pathogen Glands  
  163  21:13  Roach  
  163  21:14  Roach x2  
  161  21:34  Hatchery  
  161  21:35  Viper  
  163  21:40  Viper  
  164  21:52  Infestor x2  
  164  22:08  Zergling x12  
  170  22:20  Zergling x10  
  175  22:25  Extractor x2  
  175  22:29  Baneling x6  
  173  22:32  Extractor  
  133  23:00  Zergling x26  
  136  23:13  Roach  
  136  23:14  Roach x4  
  146  23:24  Drone x7, Extractor  
Show
View Real Time Build Order
Export as new Build Order

uThermal Terran 

Build Orders: Gas First Reaper Expand, Hellion Opening 

Get SALT Encoding   

  12  0:01  SCV  
  13  0:13  SCV  
  14  0:17  Supply Depot  
  14  0:25  SCV  
  14  0:28  Refinery  
  15  0:38  SCV  
  16  0:44  Barracks  
  16  0:51  SCV  
  17  1:03  SCV  
  18  1:15  SCV  
  19  1:31  Orbital Command, Reaper  
  20  1:44  Command Center  
  20  1:55  Factory  
  20  1:59  SCV  
  21  2:07  Barracks Reactor  
  21  2:11  SCV  
  21  2:15  Supply Depot  
  21  2:20  Refinery  
  21  2:23  SCV  
  22  2:35  SCV  
  23  2:42  Starport  
  23  2:47  Hellion x2  
  23  2:48  SCV  
  28  2:57  Orbital Command  
  28  3:00  SCV  
  28  3:02  Marine  
  30  3:10  Hellion  
  32  3:13  SCV  
  32  3:17  Hellion  
  35  3:26  Fusion Core  
  35  3:27  SCV  
  36  3:35  Viking  
  36  3:37  SCV  
  36  3:39  SCV  
  39  3:44  Hellion  
  39  3:47  Hellion  
  43  3:51  Supply Depot  
  43  3:53  SCV  
  45  3:55  SCV  
  45  3:58  Barracks Tech Lab  
  45  4:05  SCV  
  46  4:12  Supply Depot  
  46  4:13  SCV, Hellion x2  
  51  4:19  SCV  
  52  4:25  SCV  
  53  4:34  Battlecruiser  
  53  4:36  Supply Depot  
  53  4:37  SCV  
  60  4:39  SCV  
  60  4:44  Armory  
  61  4:53  SCV  
  61  4:57  SCV, Supply Depot  
  61  4:58  Hellion x2  
  67  5:01  Supply Depot  
  67  5:06  SCV  
  68  5:09  SCV  
  68  5:13  Barracks Tech Lab  
  69  5:18  SCV  
  69  5:19  Hellion x2  
  74  5:21  SCV  
  74  5:24  Command Center  
  75  5:30  SCV  
  76  5:43  Hellion  
  76  5:44  Hellion  
  76  5:45  Battlecruiser  
  86  5:51  Refinery  
  86  5:52  Refinery  
  86  5:54  SCV  
  86  5:55  Supply Depot  
  86  5:56  SCV  
  78  6:05  Hellion  
  78  6:06  SCV  
  78  6:10  SCV  
  82  6:18  SCV  
  77  6:21  Hellion  
  73  6:26  Hellion  
  73  6:29  Factory  
  73  6:30  SCV  
  73  6:31  Factory  
  74  6:36  Orbital Command  
  74  6:37  SCV  
  75  6:41  Supply Depot  
  75  6:42  SCV, Hellion, Supply Depot  
  75  6:45  Supply Depot  
  78  6:48  Hellion  
  78  6:52  Battlecruiser  
  86  6:56  Barracks Tech Lab  
  86  6:57  SCV x2  
  86  7:00  Orbital Command  
  88  7:05  Hellion  
  88  7:08  Hellion x5  
  90  7:09  SCV x2  
  90  7:11  Terran Vehicle And Ship Armor Level 1  
  92  7:21  SCV  
  92  7:22  SCV  
  97  7:30  Hellion x2, Cyclone x2, SCV  
  105  7:37  SCV  
  105  7:39  Refinery  
  105  7:40  Refinery, Supply Depot, Mag-Field Accelerator  
  105  7:41  SCV, Supply Depot  
  105  7:43  SCV  
  106  7:49  SCV  
  107  7:53  SCV  
  107  7:55  SCV  
  106  8:02  SCV, Cyclone  
  106  8:03  Cyclone  
  106  8:05  SCV  
  106  8:08  SCV  
  106  8:11  Hellion x2  
  102  8:14  SCV  
  102  8:16  Supply Depot  
  102  8:17  SCV  
  102  8:18  Supply Depot  
  104  8:22  SCV  
  104  8:23  Factory  
  104  8:24  Factory  
  104  8:26  SCV  
  106  8:29  SCV  
  107  8:34  Supply Depot  
  107  8:35  Hellion, Supply Depot, Cyclone  
  107  8:36  Hellion x5  
  107  8:38  Infernal Pre-Igniter  
  107  8:40  SCV  
  115  8:46  Cyclone  
  118  8:59  Hellion x2  
  122  9:04  Command Center  
  122  9:10  Factory Tech Lab  
  122  9:14  Cyclone  
  125  9:18  Cyclone  
  125  9:24  Command Center  
  128  9:25  Cyclone  
  128  9:26  Hellion  
  128  9:29  Terran Vehicle And Ship Armor Level 2  
  124  9:38  Cyclone  
  124  9:46  Cyclone  
  124  9:51  Cyclone  
  130  9:54  Hellion  
  130  9:57  Cyclone  
  135  10:09  Hellion  
  135  10:10  Cyclone  
  140  10:16  Drilling Claws  
  140  10:17  Engineering Bay  
  140  10:18  Cyclone  
  143  10:23  Cyclone  
  143  10:25  SCV  
  145  10:29  Cyclone  
  145  10:30  Smart Servos  
  145  10:31  Widow Mine x2  
  145  10:35  SCV x2  
  154  10:37  SCV  
  154  10:39  Orbital Command  
  157  10:43  Widow Mine  
  157  10:47  Sensor Tower  
  157  10:50  Sensor Tower  
  157  10:51  Widow Mine, SCV  
  157  10:52  SCV  
  157  10:53  Widow Mine  
  163  10:58  Widow Mine  
  163  10:59  Refinery  
  165  11:09  Planetary Fortress  
  165  11:12  Widow Mine x2, Cyclone x2  
  165  11:14  SCV  
  176  11:21  Widow Mine x2  
  176  11:25  Refinery  
  180  11:33  Widow Mine  
  182  11:46  Cyclone  
  185  11:51  Terran Vehicle And Ship Armor Level 3  
  185  11:54  Armory, Command Center  
  185  11:57  Cyclone  
  185  12:18  Widow Mine x2  
  185  12:19  Cyclone  
  185  12:22  Widow Mine x2  
  160  12:29  Cyclone  
  151  12:36  Factory  
  144  12:37  Factory  
  144  12:39  Factory  
  144  12:40  Widow Mine, Command Center  
  139  12:48  Widow Mine x2  
  141  12:53  Widow Mine  
  141  13:02  Cyclone  
  141  13:03  Cyclone  
  145  13:06  Widow Mine  
  145  13:09  Starport Reactor, Cyclone  
  150  13:19  Widow Mine  
  152  13:24  Orbital Command  
  152  13:25  Widow Mine  
  139  13:28  Widow Mine  
  132  13:34  Factory Tech Lab x2  
  132  13:35  Factory Reactor, Cyclone x2  
  132  13:36  SCV  
  132  13:40  Terran Vehicle Weapons Level 1  
  132  13:41  Widow Mine, SCV  
  130  13:44  SCV  
  131  13:50  Siege Tank x2, Hellion  
  131  13:52  SCV  
  140  13:59  Siege Tank x2  
  140  14:02  Command Center, Hellion  
  148  14:07  Siege Tank, Hellion  
  149  14:10  Command Center  
  149  14:12  Hellion  
  149  14:14  Hellion  
  153  14:18  Hellion  
  153  14:22  Siege Tank x2  
  153  14:23  Hellion  
  159  14:28  Hellion  
  165  14:31  Hellion x2  
  165  14:33  Hellion  
  148  14:39  Siege Tank  
  148  14:45  Hellion  
  137  14:50  Siege Tank  
  137  14:52  Siege Tank  
  120  14:53  Hellion  
  120  14:54  Hellion  
  120  14:55  Hellion x2  
  110  15:06  Hellion  
  105  15:11  Siege Tank  
  110  15:14  Hellion  
  110  15:15  Hellion  
  110  15:16  Widow Mine x2  
  110  15:17  Orbital Command  
  112  15:22  Hellion  
  112  15:25  Hellion  
  112  15:28  Hellion  
  114  15:35  Siege Tank  
  112  15:39  Siege Tank  
  112  15:40  Hellion  
  117  15:44  Siege Tank, SCV x4  
  117  15:45  Hellion  
  126  15:50  Siege Tank  
  126  15:54  Hellion  
  131  15:59  SCV  
  132  16:06  Siege Tank  
  132  16:10  Siege Tank, Hellion  
  140  16:14  Siege Tank  
  140  16:17  Hellion  
  145  16:22  Factory Tech Lab, Terran Vehicle Weapons Level 2  
  141  16:34  Thor x2  
  141  16:35  Viking  
  149  16:42  Thor  
  155  16:48  Viking  
  155  16:53  Thor, Hellion  
  163  17:03  Thor  
  163  17:06  Thor  
  170  17:17  Thor  
  173  17:23  Viking  
  173  17:27  Supply Depot x2  
  173  17:29  Hellion x2  
  179  17:34  Siege Tank, Hellion  
  179  17:38  Hellion  
  181  17:47  Hellion  
  154  17:59  Thor  
  154  18:02  Hellion x2  
  148  18:10  Siege Tank, Hellion x2  
  149  18:15  Planetary Fortress  
  146  18:21  Hellion  
  138  18:34  Thor  
  138  18:35  Hellion  
  138  18:41  Refinery  
  146  18:47  Thor  
  154  18:48  Hellion  
  154  18:51  Hellion x2  
  160  18:55  Viking  
  158  18:59  Hellion  
  158  19:02  Supply Depot  
  154  19:10  Hellion  
  154  19:20  Hellion  
  160  19:24  Hellion x3  
  160  19:44  Supply Depot  
  160  19:45  Supply Depot  
  160  19:59  Thor  
  162  20:01  Thor  
  162  20:03  Siege Tank, Hellion  
  150  20:08  Thor  
  130  20:21  Siege Tank  
  130  20:22  Hellion  
  130  20:23  Hellion  
  124  20:34  Hellion  
  124  20:35  Siege Tank  
  125  20:39  Hellion x4  
  121  20:51  Orbital Command  
  117  20:57  Hellion  
  117  21:05  Hellion  
  119  21:15  Siege Tank  
  120  21:22  Hellion  
  118  21:26  Hellion  
  118  21:30  Hellion  
  122  21:34  Hellion  
  124  21:42  Hellion  
  126  21:49  Siege Tank  
  129  21:54  Hellion  
  131  22:06  Siege Tank  
  131  22:07  Hellion  
  128  22:15  Hellion  
  128  22:17  Hellion  
  130  22:30  Thor  
  136  22:43  Siege Tank  
  136  22:44  Hellion  
  131  22:53  Hellion  
  131  22:55  Hellion  
  99  23:05  Hellion x2  
  80  23:11  Hellion  
  76  23:14  Hellion  
Tags
 
Add a new tag
Caveats
  • Supply blocks, unpowered buildings, or Contaminate may cause inaccurate times.
  • Supply counts are checked every 10 seconds.